 Dungeon Crawl Stone Soup version 0.30-a0-743-gbfdf073431 (webtiles) character file.

Game seed: 8569270324503026532

62 a11behringer the Sneak (level 4, -3/27 HPs)
             Began as a Tengu Brigand on Feb 7, 2023.
             Killed from afar by Sigmund (11 damage)
             ... with a puff of flame
             ... on level 2 of the Dungeon.
             The game lasted 00:04:54 (765 turns).

a11behringer the Sneak (Tengu Brigand)               Turns: 765, Time: 00:04:54

Health: -3/27      AC:  3    Str: 12    XL:     4   Next: 8%
Magic:  5/5        EV: 12    Int: 11    God:
Gold:   41         SH:  0    Dex: 17    Spells: 3/3 levels left

rFire   . . .      SeeInvis .    a - +2 dagger
rCold   . . .      Faith    .    (no shield)
rNeg    . . .      Spirit   .    b - +0 robe
rPois   .          Reflect  .    (helmet restricted)
rElec   .          Harm     .    c - +0 cloak
rCorr   .          Rampage  .    (no gloves)
Will    .....                    (boots unavailable)
Stlth   +++                      (no amulet)
HPRegen 0.24/turn                (no ring)
MPRegen 0.09/turn                (no ring)

@: no status effects
A: beak, talons 3
a: no special abilities


You were on level 2 of the Dungeon.
You visited 1 branch of the dungeon, and saw 2 of its levels.

You collected 41 gold pieces.

Inventory:

Hand Weapons
 a - a +2 dagger (weapon)
 f - a +0 short sword
 n - the +10 sling "Goblin's Regret" {freeze, rElec Dex+3}
   (You found it on level 2 of the Dungeon)

   Dex:       It affects your dexterity (+3).
   rElec:     It insulates you from electricity.
Missiles
 d - 9 poisoned darts (quivered)
 e - 3 curare-tipped darts
Armour
 b - a +0 robe (worn)
 c - a +0 cloak (worn)
 h - a +0 leather armour
Scrolls
 i - a scroll of identify {unknown}
 j - a scroll of torment {unknown}
Potions
 k - a potion of flight {unknown}
 l - a potion of brilliance {unknown}
 m - a potion of lignification {unknown}


   Skills:
 + Level 2.4 Fighting
 * Level 3.1 Short Blades
 + Level 2.4 Throwing
 + Level 1.9 Dodging
 + Level 4.3 Stealth
 + Level 0.2 Spellcasting


You had 3 spell levels left.
You didn't know any spells.
Your spell library contained the following spells:

 Spells                   Type           Power      Damage    Failure   Level
 Summon Small Mammal      Summ           0%         N/A       34%         1
 Call Canine Familiar     Summ           0%         N/A       71%         3
 Summon Guardian Golem    Hex/Summ       0%         N/A       71%         3


Dungeon Overview and Level Annotations

Branches:
Dungeon (2/15)

Altars:

Annotations:
D:2 Sigmund


Innate Abilities, Weirdness & Mutations

You have a beak for a mouth.
You have claws for feet.


Message History

You impale the ball python!!
You kill the ball python!
No target in view!
Found a short sword.
You see here a +0 short sword.
A dart slug comes into view.
The helpless dart slug fails to defend itself.
You impale the dart slug!!
You kill the dart slug!
No target in view!
You now have 41 gold pieces (gained 10).
Found 4 stones.
You see here 4 stones.
Sigmund the Dreaded comes into view.
He is wielding a +0 scythe.
Found a stone staircase leading up.
You see here the +10 sling "Goblin's Regret" {freeze, rElec Dex+3}.
n - the +10 sling "Goblin's Regret" {freeze, rElec Dex+3} Sigmund hits you but does no damage.
You barely miss Sigmund. You claw Sigmund.
Sigmund is lightly wounded.
Sigmund hits you with a +0 scythe.
You closely miss Sigmund. Your kick misses Sigmund. You peck Sigmund.
Sigmund is lightly wounded.
You hit Sigmund but do no damage.
Sigmund is lightly wounded.
Sigmund casts a spell.
Sigmund flickers and vanishes!
Deactivating autopickup; reactivate with Ctrl-A.
You closely miss something. Your kick misses something. Something hits you!
You hit something. Your kick misses something. Something hits you!
* * * LOW HITPOINT WARNING * * *
You hit something but do no damage. Your kick misses something.
It was a potion of curing.
You feel better. Something hits you.
* * * LOW HITPOINT WARNING * * *
You closely miss something. You hit something. Your kick misses something.
Your peck misses something.
You hear some strange, mumbled words.
A puff of flame appears from out of thin air!
The puff of flame hits you!
You die...

.# .#
####.##
#.....#
##.###.....#
#<...{.....#
#@....#
#.....#
###(.##
#..####
#.....#
##.##.#
######## #.#
# .......#
##.#
######)#
#..#


There were no monsters in sight!

Vanquished Creatures
  An adder (D:2)
  A gnoll (D:1)
  2 dart slugs
  4 ball pythons
  4 bats
  An endoplasm (D:1)
  3 giant cockroaches
  6 goblins
  2 hobgoblins
  7 kobolds
  A quokka (D:2)
  2 frilled lizards
  3 rats (D:1)
37 creatures vanquished.

Notes
Turn   | Place    | Note
-------+----------+-------------------------------------------
     0 | D:1      | a11behringer the Tengu Brigand began the quest for the Orb.
     0 | D:1      | Reached XP level 1. HP: 12/12 MP: 2/2
    38 | D:1      | Reached XP level 2. HP: 4/17 MP: 3/3
   289 | D:1      | Reached XP level 3. HP: 20/21 MP: 4/4
   624 | D:2      | Reached XP level 4. HP: 22/27 MP: 5/5
   751 | D:2      | Noticed Sigmund
   754 | D:2      | Identified the +10 sling "Goblin's Regret" {freeze, rElec
                  | Dex+3}
   765 | D:2      | Killed from afar by Sigmund

Illustrated notes

Levels and vault maps discovered:
D:1:      mrwooster_arrival_statue_2, layout_rooms
D:2:      layout_loops_ring, uniq_sigmund

Skill      XL: |  1  2  3 |
---------------+----------+-----
Short Blades   | 3 |  3.1
Fighting       | |  2.4
Throwing       | |  2.4
Dodging        | |  1.9
Stealth        | |  4.3
Spellcasting   | |  0.2

Action                     |  1- 3 |  4- 6 || total
---------------------------+-------+-------++-------
  Melee: Dagger            |    73 |    12 ||    85
         Kick              |    18 |     2 ||    20
         Peck              |    11 |     1 ||    12
    Use: Potion            |       |     1 ||     1
   Stab: Sleeping          |     7 |     2 ||     9
         Distracted        |     1 |       ||     1
 Armour: Robe              |    20 |     1 ||    21
  Dodge: Dodged            |    48 |     1 ||    49

Table legend: (Time is in decaauts)
 A = Elapsed time spent in this place.
 B = Non-inter-level travel time spent in this place.
 C = Inter-level travel time spent in this place.
 D = Time resting spent in this place.
 E = Time spent auto-exploring this place.
 F = Levels seen in this place.
 G = Mean time per level.
                   A        B        C        D        E       F      G
               +--------+--------+--------+--------+--------+-----+--------+
         Total |    753 |    704 |     49 |      0 |    473 |   2 |  376.5 |
       Dungeon |    753 |    704 |     49 |      0 |    473 |   2 |  376.5 |
               +--------+--------+--------+--------+--------+-----+--------+

Top non-repeatable levels by time:
     D:1: 497 daAuts
     D:2: 256 daAuts
